 Dungeon Crawl Stone Soup version 0.29-a0-418-gc0181ea820 (webtiles) character file.

Game seed: 7485231491115580084

21319 croobank the Covert (level 12, -1/147 HPs)
             Began as a Gnoll Delver on May 17, 2022.
             Was an Initiate of Gozag.
             Slain by Jorgrun
             ... wielding a staff of earth
              (8 damage)
             ... on level 12 of the Dungeon.
             The game lasted 01:46:59 (21883 turns).

croobank the Covert (Gnoll Delver)                 Turns: 21883, Time: 01:46:59

Health: -1/147     AC: 36    Str: 15 (16) XL:     12   Next: 88%
Magic:  8/23       EV: -1    Int: 13      God:    Gozag
Gold:   175        SH:  0    Dex: 17 (18) Spells: 6/26 levels left

rFire   + + .      SeeInvis .   T - +4 dagger of Xom {speed, Contam rF+ Str+4 Dex+3}
rCold   + . .      Faith    .   (no shield)
rNeg    . . .      Spirit   .   (body armour currently unavailable)
rPois   +          Reflect  .   (helmet currently unavailable)
rElec   +          Harm     .   (cloak currently unavailable)
rCorr   +          Rampage  .   (gloves currently unavailable)
Will    .....      NoTele   +   (boots currently unavailable)
Stlth   ++++......              (no amulet)
HPRegen 0.34/turn               x - +4 ring of protection
MPRegen 0.18/turn               I - ring of wizardry

@: mighty, confusing by touch, ice-armoured, tree-form, silenced, resistant,
grasped by roots, gold aura, very slightly contaminated, constricted
A: stationary, stasis, torment immunity, boosted hp, (fangs 1), strong nose,
distributed training, deterioration 1
a: End Transformation, Renounce Religion


You were on level 12 of the Dungeon.
You worshipped Gozag.
Gozag was aware of your devotion.
You were a tree.
You visited 4 branches of the dungeon, and saw 16 of its levels.
You also visited: Sewer.

You collected 2665 gold pieces.
You spent 442 gold pieces at shops.
You paid 2048 gold pieces to Gozag.

Inventory:

Hand Weapons
 a - a +3 whip of flaming
 b - a +0 hunting sling
 m - a +2 antimagic falchion
 o - a +0 war axe of venom
 t - a +0 glaive
 u - a +2 halberd
 C - a +6 broad axe
 F - a +0 long sword
 G - a +0 arbalest
 R - a +0 vampiric hand axe
 T - the +4 dagger of Xom (weapon) {speed, Contam rF+ Str+4 Dex+3}
   (You found it on level 10 of the Dungeon)

   Attacks with this weapon are significantly faster.
   Str:       It affects your strength (+4).
   Dex:       It affects your dexterity (+3).
   rF:        It protects you from fire.
   Contam:    It causes magical contamination when unequipped.
Missiles
 d - 27 poisoned darts
 k - 493 stones
 r - 7 boomerangs
 K - a silver boomerang
Armour
 h - a +1 helmet (melded)
 j - a +0 ring mail
 n - the +1 leather armour of Curiosity (melded) {Rampage Will+}
   (You found it on level 8 of the Dungeon)

   Rampage:   It bestows one free step when moving towards enemies.
   Will:      It increases your willpower.
 q - a +0 cloak (melded)
 w - a +0 kite shield
 y - a +0 leather armour
 B - a +0 pair of gloves (melded)
 D - a +2 robe of cold resistance
 H - a +0 robe of fire resistance
 P - a +1 robe of positive energy
Jewellery
 g - a ring of positive energy
 l - a ring of wizardry
 v - a +4 ring of evasion
 x - a +4 ring of protection (left branch)
 I - a ring of wizardry (right branch)
 J - a ring of protection from cold
 L - a ring of fire
 N - a ring of flight
 Q - the ring of Mumonye {rN+ rCorr MP+9}
   (You found it on level 12 of the Dungeon)

   [ring of positive energy]

   rN:        It protects you from negative energy.
   MP:        It affects your magic capacity (+9).
   rCorr:     It protects you from acid and corrosion.
Wands
 M - a wand of mindburst (2) (quivered)
Scrolls
 c - 4 scrolls of fog
 i - 7 scrolls of teleportation
 A - 3 scrolls of fear
 O - a scroll of vulnerability
Potions
 e - 3 potions of brilliance
 p - 3 potions of flight
 z - 2 potions of cancellation
 E - a potion of ambrosia
 S - a potion of mutation
Miscellaneous
 s - a tin of tremorstones (1/2)


   Skills:
 + Level 10.3 Fighting
 + Level 7.9 Short Blades
 + Level 7.9 Long Blades
 + Level 9.2 Axes
 + Level 7.9 Maces & Flails
 + Level 7.9 Polearms
 + Level 7.9 Staves
 + Level 7.9 Slings
 + Level 7.9 Bows
 + Level 7.9 Crossbows
 + Level 7.9 Throwing
 + Level 7.9 Armour
 + Level 9.2 Dodging
 + Level 12.3 Stealth
 + Level 7.9 Shields
 + Level 7.9 Unarmed Combat
 + Level 7.9 Spellcasting
 + Level 6.5 Conjurations
 + Level 6.5 Hexes
 + Level 6.5 Summonings
 + Level 6.5 Necromancy
 + Level 6.5 Translocations
 + Level 6.5 Transmutations
 + Level 6.5 Fire Magic
 + Level 6.5 Ice Magic
 + Level 6.5 Air Magic
 + Level 6.5 Earth Magic
 + Level 6.5 Poison Magic
 + Level 8.6 Invocations
 + Level 7.9 Evocations


You had 6 spell levels left.
You knew the following spells:

 Your Spells              Type           Power      Damage    Failure   Level
a - Frozen Ramparts       Ice            44%        1d6       1%          3
b - Ozocubu's Armour      Ice            22%        N/A       1%          3
c - Hailstorm             Conj/Ice       22%        3d7       4%          4
d - Apportation           Tloc           44%        N/A       1%          1
e - Passwall              Tmut/Erth      18%        N/A       1%          2
f - Confusing Touch       Hex            22%        N/A       1%          3
g - Dispel Undead         Necr           22%        3d12      4%          4

Your spell library contained the following spells:

 Spells                   Type           Power      Damage    Failure   Level
 Animate Skeleton         Necr           44%        N/A       1%          1
 Freeze                   Ice            88%        1d10      1%          1
 Summon Small Mammal      Summ           88%        N/A       1%          1
 Static Discharge         Conj/Air       22%        N/A       1%          2
 Petrify                  Tmut/Erth      22%        N/A       4%          4
 Sticky Flame             Conj/Fire      22%        2d4       4%          4
 Lee's Rapid Deconstruct  Erth           11%        3d9*      11%         5
 Metabolic Englaciation   Hex/Ice        11%        N/A       11%         5
 Yara's Violent Unravell  Hex/Tmut       11%        3d6       11%         5
 Conjure Ball Lightning   Conj/Air       11%        3x3d6     47%         6
 Iron Shot                Conj/Erth      11%        9d3       47%         6
 Statue Form              Tmut/Erth      14%        N/A       47%         6
 Enfeeble                 Hex            11%        N/A       95%         7
 Ozocubu's Refrigeration  Ice            11%        4d7       95%         7
 Discord                  Hex            11%        N/A       100%        8
 Disjunction              Tloc           11%        N/A       100%        8


Dungeon Overview and Level Annotations

Branches:
Dungeon (12/15)            Temple (1/1) D:6            Lair (1/6) D:9
    Orc (2/2) D:10            Elf (0/3) Orc:2         Sewer (visited)

Altars:
Dithmenos
Fedhas
Gozag
Nemelex Xobeh
Sif Muna

Shops:
D:9 ?:   Orc:2 :

Annotations:
D:8 1 runed translucent door, Heh's ghost, novice OpFi
D:12 Jorgrun
Orc:2 Rupert


Innate Abilities, Weirdness & Mutations

You are a tree.
Your roots penetrate the ground, keeping you stationary.
You cannot be teleported.
You are immune to unholy pain and torment.
Your maximum health is greatly increased.
Your equipment is partially melded.
((You have very sharp teeth.))
Your uncanny sense of smell can sniff out nearby items.
Your experience applies equally to all skills.
Your body sometimes deteriorates upon taking damage.


Message History

* * * LOW HITPOINT WARNING * * *
Casting: Frozen Ramparts (safe; 1% risk of failure)
Confirm with . or Enter, or press ? or * to list all spells.
A film of ice covers your body! Jorgrun hits you but does no damage.
The grasping roots constrict you!
* * * LOW HITPOINT WARNING * * *
[a] - 336 gold - invisibility and might [b] - 504 gold - resistance and invisibility [c] - 550 gold - heal wounds, curing, lignification, might and resistance Purchase which effect?
You no longer have enough gold to petition Gozag for potion effects.
You feel much better.
You feel better.
You turn into a tree.
Your +0 cloak melds into your body.
Your +1 helmet melds into your body.
Your +0 pair of gloves melds into your body.
The +1 leather armour of Curiosity {Rampage Will+} melds into your body.
Your roots penetrate the ground.
You feel very mighty all of a sudden.
You feel protected. Jorgrun hits you but does no damage.
The grasping roots constrict you!
* * * LOW HITPOINT WARNING * * *
You hit Jorgrun but do no damage. You hit Jorgrun but do no damage.
You hit Jorgrun but do no damage. Jorgrun hits you with a staff of earth!
* * * LOW HITPOINT WARNING * * *
The grasping roots constrict you!
* * * LOW HITPOINT WARNING * * *
Aiming: Mindburst
Press: ? - help, Q - select action, (/) - cycle Shift-Dir - straight line, f - Jorgrun
Aim: Jorgrun, wielding a staff of earth and wearing a +0 robe (chance to confuse on hit: 0%, chance to affect: 13%) Jorgrun resists with almost no effort.
Jorgrun hits you with a staff of earth.
* * * LOW HITPOINT WARNING * * *
Jorgrun shatters you.
* * * LOW HITPOINT WARNING * * *
The grasping roots constrict you.
* * * LOW HITPOINT WARNING * * *
Okay, then.
As you read the scroll of silence, it crumbles to dust.
A profound silence engulfs you. Jorgrun hits you with a staff of earth!
You die...
Your body crumbles into a pile of gold.

........##
./.......#
.........##
..........#
..........##
...(.......###
...((........## $
......g♣.$....##
........^#.....##
........###.....###
.......##
##......## ......#
##........## #
#....#
##...........# #
####.
##.............##
#.
#................
#................


You could see Jorgrun.

Vanquished Creatures
  A hydra (D:11)
  A two-headed ogre (D:11)
  An orc knight (Orc:2)
  Pikel (D:4)
  An ugly thing (D:10)
  A manticore (D:11)
  5 orc sorcerers (Orc:2)
  Joseph (D:7)
  6 cane toads (Lair:1)
  2 kobold demonologists
  An unseen horror (D:10)
  4 komodo dragons
  5 trolls
  Grinder (D:5)
  Sigmund (D:5)
  3 shadows
  Eustachio (D:4)
  2 wyverns (D:8)
  2 vampires (D:9)
  A wraith (D:10)
  21 yaks
  2 steam dragons
  Menkaure (D:4)
  3 wargs
  2 ice beasts
  2 sky beasts
  14 orc warriors
  3 black bears
  2 ogres (Orc:2)
  2 centaurs
  A lemure (D:5)
  4 kobold brigands
  Blork the orc (D:6)
  5 bullfrogs
  A scorpion (D:4)
  3 necrophages
  A gnoll sergeant (D:10)
  3 wights (D:8)
  10 killer bees
  8 howler monkeys
  2 electric eels (D:11)
  3 jellies
  18 orc priests
  2 hounds
  A gnoll shaman (D:7)
  3 iguanas
  26 orc wizards
  9 adders
  9 gnolls
  A shadow imp (D:4)
  A white imp (D:7)
  An ufetubus (D:6)
  3 worms
  61 orcs
  15 ball pythons
  5 endoplasms
  2 giant cockroaches
  9 goblins
  6 hobgoblins
  2 jackals (D:2)
  2 quokkas
  4 bats
  10 frilled lizards
  31 kobolds
  5 rats
361 creatures vanquished.

Vanquished Creatures (others)
  An orc priest (Orc:2)
  3 fungi
  26 plants
30 creatures vanquished.

Grand Total: 391 creatures vanquished

Notes
Turn   | Place    | Note
-------+----------+-------------------------------------------
     0 | D:5      | Reached skill level 9 in Stealth
     0 | D:5      | croobank the Gnoll Delver began the quest for the Orb.
     0 | D:5      | Reached XP level 1. HP: 23/23 MP: 1/1
    22 | D:5      | Noticed a black bear
    79 | D:4      | Noticed Eustachio
   218 | D:4      | Reached XP level 2. HP: 29/29 MP: 2/2
   249 | D:3      | Reached skill level 1 in Invocations
   249 | D:3      | Reached XP level 3. HP: 8/35 MP: 2/4
   529 | D:3      | Reached skill level 1 in Short Blades
   529 | D:3      | Reached skill level 1 in Long Blades
   529 | D:3      | Reached skill level 1 in Maces & Flails
   529 | D:3      | Reached skill level 1 in Polearms
   529 | D:3      | Reached skill level 1 in Staves
   529 | D:3      | Reached skill level 1 in Slings
   529 | D:3      | Reached skill level 1 in Bows
   529 | D:3      | Reached skill level 1 in Crossbows
   529 | D:3      | Reached skill level 1 in Throwing
   529 | D:3      | Reached skill level 1 in Armour
   529 | D:3      | Reached skill level 1 in Shields
   529 | D:3      | Reached skill level 1 in Unarmed Combat
   529 | D:3      | Reached skill level 1 in Spellcasting
   529 | D:3      | Reached skill level 1 in Evocations
   539 | D:3      | Reached XP level 4. HP: 13/41 MP: 5/5
   592 | D:3      | Found a glowing drain.
   689 | Sewer    | Entered a sewer
  1387 | D:1      | Reached skill level 1 in Conjurations
  1387 | D:1      | Reached skill level 1 in Hexes
  1387 | D:1      | Reached skill level 1 in Summonings
  1387 | D:1      | Reached skill level 1 in Necromancy
  1387 | D:1      | Reached skill level 1 in Translocations
  1387 | D:1      | Reached skill level 1 in Transmutations
  1387 | D:1      | Reached skill level 1 in Fire Magic
  1387 | D:1      | Reached skill level 1 in Ice Magic
  1387 | D:1      | Reached skill level 1 in Air Magic
  1387 | D:1      | Reached skill level 1 in Earth Magic
  1387 | D:1      | Reached skill level 1 in Poison Magic
  2107 | D:2      | Reached skill level 10 in Stealth
  2107 | D:2      | Reached XP level 5. HP: 49/49 MP: 5/11
  2542 | D:2      | Found a faded altar of an unknown god.
  2962 | D:2      | Reached XP level 6. HP: 56/56 MP: 12/12
  3847 | D:4      | Learned a level 3 spell: Frozen Ramparts
  3851 | D:4      | Learned a level 3 spell: Ozocubu's Armour
  3856 | D:4      | Learned a level 4 spell: Hailstorm
  3924 | D:4      | Killed Eustachio
  4063 | D:4      | Noticed Menkaure
  4079 | D:4      | Killed Menkaure
  4080 | D:4      | Reached XP level 7. HP: 39/61 MP: 13/13
  4342 | D:4      | Noticed Pikel
  4430 | D:4      | Killed Pikel
  4431 | D:4      | Reached skill level 5 in Invocations
  4431 | D:4      | Reached XP level 8. HP: 13/68 MP: 14/14
  5052 | D:5      | Noticed Sigmund
  5182 | D:5      | Killed Sigmund
  5593 | D:5      | Got the Papyrus of Clay
  5666 | D:5      | Noticed Grinder
  5676 | D:5      | Killed Grinder
  5677 | D:5      | Reached skill level 5 in Short Blades
  5677 | D:5      | Reached skill level 5 in Long Blades
  5677 | D:5      | Reached skill level 5 in Maces & Flails
  5677 | D:5      | Reached skill level 5 in Polearms
  5677 | D:5      | Reached skill level 5 in Staves
  5677 | D:5      | Reached skill level 5 in Slings
  5677 | D:5      | Reached skill level 5 in Bows
  5677 | D:5      | Reached skill level 5 in Crossbows
  5677 | D:5      | Reached skill level 5 in Throwing
  5677 | D:5      | Reached skill level 5 in Armour
  5677 | D:5      | Reached skill level 5 in Shields
  5677 | D:5      | Reached skill level 5 in Unarmed Combat
  5677 | D:5      | Reached skill level 5 in Spellcasting
  5677 | D:5      | Reached skill level 5 in Evocations
  5677 | D:5      | Reached XP level 9. HP: 75/75 MP: 16/16
  5899 | D:6      | Found a staircase to the Ecumenical Temple.
  5955 | Temple   | Entered the Ecumenical Temple
  5998 | Temple   | Became a worshipper of Gozag Ym Sagoz the Greedy
  6523 | D:6      | Noticed Blork the orc
  6529 | D:6      | Killed Blork the orc
  6646 | D:6      | Found a blossoming altar of Fedhas.
  6646 | D:6      | Found a shimmering blue altar of Sif Muna.
  6657 | D:6      | Learned a level 1 spell: Apportation
  7204 | D:7      | Reached skill level 11 in Stealth
  7585 | D:7      | Noticed Joseph
  7612 | D:7      | Killed Joseph
  7613 | D:7      | Reached XP level 10. HP: 28/82 MP: 15/18
  8531 | D:8      | Identified the +1 leather armour of Curiosity {Rampage
                  | Will+}
  8545 | D:8      | Learned a level 2 spell: Passwall
  8549 | D:8      | Learned a level 3 spell: Confusing Touch
  9201 | D:8      | Found a runed translucent door.
 10191 | D:8      | Noticed Heh's ghost (novice OpFi)
 10191 | D:8      | Identified the +3 trident of Mot Wian {pain, rElec rPois
                  | rF-}
 10269 | D:8      | Reached skill level 5 in Conjurations
 10269 | D:8      | Reached skill level 5 in Hexes
 10269 | D:8      | Reached skill level 5 in Summonings
 10269 | D:8      | Reached skill level 5 in Necromancy
 10269 | D:8      | Reached skill level 5 in Translocations
 10269 | D:8      | Reached skill level 5 in Transmutations
 10269 | D:8      | Reached skill level 5 in Fire Magic
 10269 | D:8      | Reached skill level 5 in Ice Magic
 10269 | D:8      | Reached skill level 5 in Air Magic
 10269 | D:8      | Reached skill level 5 in Earth Magic
 10269 | D:8      | Reached skill level 5 in Poison Magic
 10545 | D:9      | Noticed a kobold demonologist
 10909 | D:9      | HP: 4/83 [something (3)]
 10917 | D:9      | Found Faigu's Book Shop.
 11218 | D:9      | Killed a kobold demonologist
 11470 | D:9      | Found Mityep's Magic Scroll Shop.
 11567 | D:9      | Reached XP level 11. HP: 79/89 MP: 12/20
 11838 | D:9      | Bought a scroll of identify for 26 gold pieces
 11838 | D:9      | Bought a scroll of identify for 26 gold pieces
 11921 | D:10     | Entered Level 10 of the Dungeon
 12092 | D:9      | HP: 3/89 [something (10)]
 12720 | D:9      | Bought a book of Touch for 390 gold pieces
 12725 | D:9      | Learned a level 4 spell: Dispel Undead
 13109 | D:9      | Found a staircase to the Lair.
 13481 | D:10     | Identified the +4 dagger of Xom {speed, Contam rF+ Str+4
                  | Dex+3}
 13635 | D:10     | Noticed a red ugly thing
 13675 | D:10     | Killed a red ugly thing
 13948 | D:10     | Gained mutation: Your body sometimes deteriorates upon
                  | taking damage. [mutagenic glow]
 14173 | D:10     | Found a staircase to the Orcish Mines.
 15289 | D:11     | Noticed a two-headed ogre
 16344 | D:11     | Killed a two-headed ogre
 16575 | D:11     | Noticed a manticore
 16588 | D:11     | Killed a manticore
 17532 | Orc:1    | Entered Level 1 of the Orcish Mines
 17660 | Orc:1    | Reached XP level 12. HP: 64/97 MP: 18/22
 17871 | Orc:2    | Entered Level 2 of the Orcish Mines
 18190 | Orc:2    | Noticed Rupert
 18353 | Orc:2    | Upgraded the game from 0.29-a0-416-g83a48905f1 to
                  | 0.29-a0-418-gc0181ea820
 18359 | Orc:2    | Found Fuofof's Self-Improvement Boutique.
 18403 | Orc:2    | HP: 6/145 [orc knight/bolt (4)]
 18407 | Orc:2    | HP: 2/145 [sixfirhy[an orc knight] (4)]
 18422 | Orc:2    | Reached skill level 12 in Stealth
 18963 | Orc:2    | Reached skill level 10 in Fighting
 18975 | Orc:2    | Found a staircase to the Elven Halls.
 18976 | Orc:2    | Paralysed by an orc sorcerer for 3 turns
 19344 | Orc:2    | Noticed an orc high priest
 19351 | Orc:2    | HP: 2/97 [orc priest/divine providence (15)]
 19781 | Lair:1   | Entered Level 1 of the Lair of Beasts
 20972 | Lair:1   | Noticed an eight-headed hydra
 21271 | D:12     | Noticed a five-headed hydra
 21290 | D:11     | Killed a five-headed hydra
 21812 | D:12     | Identified the ring of Mumonye {rN+ rCorr MP+9}
 21857 | D:12     | Noticed Jorgrun
 21882 | D:12     | HP: 7/147 [constriction (5)]
 21883 | D:12     | Slain by Jorgrun

Illustrated notes

Levels and vault maps discovered:
D:1:      minmay_arrival_semitransparent, layout_loops_ring,
          hangedman_abyss_or_decor_stabs, minmay_misc_feat_pillars
D:2:      layout_basic, dreamdust_ecumenical_altar_angels_and_demons
D:3:      minmay_angry_zag, layout_basic, portal_sewer_entry_d,
          minmay_misc_feat_ornament, minmay_puff
D:4:      layout_basic, uniq_menkaure, uniq_pikel, uniq_eustachio
D:5:      layout_rooms, minivault_26, minmay_tree_intersection, uniq_grinder,
          uniq_sigmund
D:6:      layout_basic, mainiacjoe_overflow_divided_tiny,
          minmay_temple_entry_large_hall, uniq_blork_the_orc
D:7:      layout_gridville, serial_co_window_serial, co_window_corner_a,
          co_window_of_opportunity_a, co_window_paths_b, co_window_paths_a,
          co_window_paths_b, co_window_paths_b, co_window_of_opportunity_a,
          co_window_corner_a, co_window_paths_a, co_window_unsneaky_path_a,
          co_window_corner_cb, co_window_2corner, glass_columns_a,
          glass_columns_a, uniq_joseph
D:8:      layout_gridville, ebering_ghost_funeral_grove
D:9:      layout_cave_pools, david_lair_shrubbed, serial_shops, shop,
          nicolae_shop_crystal
D:10:     layout_stronghold, david_orc_3, nicolae_concentric_dashed_squares_wild
D:11:     layout_layer_cave, nicolae_twisting_strands, chequers_big_river
D:12:     layout_cave_pods, uniq_maurice, uniq_jorgrun
Temple:   mainiacjoe_temple_big_plus
Lair:1:   layout_regular_city, chequers_serial_rivers_room_b,
          beast_lair_carwin_10
Orc:1:    nicolae_orc_accident_2, layout_caves
Orc:2:    st_orc_mages, layout_caves, nicolae_volcano_entry_vermiform,
          nicolae_orc_rockfall, nicolae_shop_self_help, uniq_rupert

Skill      XL: |  1  2  3  4  5  6  7  8  9 10 11 12 |
---------------+-------------------------------------+-----
Stealth        | 10 11 12 | 12.3
Invocations    | 1 4 5 6 7 8 |  8.6
Short Blades   | 1 4 5 6 7 |  7.9
Long Blades    | 1 4 5 6 7 |  7.9
Maces & Flails | 1 4 5 6 7 |  7.9
Polearms       | 1 4 5 6 7 |  7.9
Staves         | 1 4 5 6 7 |  7.9
Slings         | 1 4 5 6 7 |  7.9
Bows           | 1 4 5 6 7 |  7.9
Crossbows      | 1 4 5 6 7 |  7.9
Throwing       | 1 4 5 6 7 |  7.9
Armour         | 1 4 5 6 7 |  7.9
Shields        | 1 4 5 6 7 |  7.9
Unarmed Combat | 1 4 5 6 7 |  7.9
Spellcasting   | 1 4 5 6 7 |  7.9
Evocations     | 1 4 5 6 7 |  7.9
Conjurations   | 3 4 5 6 |  6.5
Hexes          | 3 4 5 6 |  6.5
Summonings     | 3 4 5 6 |  6.5
Necromancy     | 3 4 5 6 |  6.5
Translocations | 3 4 5 6 |  6.5
Transmutations | 3 4 5 6 |  6.5
Fire Magic     | 3 4 5 6 |  6.5
Ice Magic      | 3 4 5 6 |  6.5
Air Magic      | 3 4 5 6 |  6.5
Earth Magic    | 3 4 5 6 |  6.5
Poison Magic   | 3 4 5 6 |  6.5
Fighting       | 7 8 9 10 | 10.3
Axes           | 6 7 8 9 |  9.2
Dodging        | 6 7 8 9 |  9.2

Action                   |  1- 3 |  4- 6 |  7- 9 | 10-12 || total
-------------------------+-------+-------+-------+-------++-------
Melee: Whip              |    44 |   171 |   246 |   252 ||   713
       Hand axe          |     2 |       |       |       ||     2
       Bite              |     1 |    10 |    20 |    91 ||   122
       Punch             |       |     2 |     4 |    42 ||    48
       Broad axe         |       |       |       |   395 ||   395
       Dagger            |       |       |       |    63 ||    63
       Falchion          |       |       |       |    26 ||    26
 Fire: Hunting sling     |       |       |       |    33 ||    33
       Arbalest          |       |       |       |    12 ||    12
Throw: Dart              |       |       |     1 |    12 ||    13
       Throwing net      |       |       |       |     1 ||     1
 Cast: Frozen Ramparts   |       |       |     8 |    61 ||    69
       Hailstorm         |       |       |     6 |    21 ||    27
       Ozocubu's Armour  |       |       |     1 |    17 ||    18
       Apportation       |       |       |     1 |       ||     1
       Confusing Touch   |       |       |       |    20 ||    20
       Dispel Undead     |       |       |       |     2 ||     2
Invok: Potion Petition   |       |       |       |     5 ||     5
Evoke: Wand              |     2 |       |       |     7 ||     9
       Tin of tremorston |       |       |       |     1 ||     1
  Use: Scroll            |     2 |    13 |     2 |    24 ||    41
       Potion            |     1 |     2 |     4 |    12 ||    19
 Stab: Sleeping          |     5 |    12 |    17 |     9 ||    43
       Distracted        |       |     1 |     1 |     6 ||     8
       Invisible         |       |       |     2 |       ||     2
       Confused          |       |       |       |    14 ||    14
Armor: Leather armour    |    11 |    44 |    80 |   274 ||   409
       Skin              |       |       |       |    53 ||    53
Dodge: Dodged            |    26 |   107 |   152 |   516 ||   801

Table legend: (Time is in decaauts)
 A = Elapsed time spent in this place.
 B = Non-inter-level travel time spent in this place.
 C = Inter-level travel time spent in this place.
 D = Time resting spent in this place.
 E = Time spent auto-exploring this place.
 F = Levels seen in this place.
 G = Mean time per level.
                   A        B        C        D        E       F      G
               +--------+--------+--------+--------+--------+-----+--------+
         Total |  21901 |  20994 |    907 |   7037 |   9520 |  17 | 1288.3 |
       Dungeon |  18517 |  17670 |    847 |   5565 |   8816 |  12 | 1543.1 |
        Temple |     87 |     56 |     31 |      0 |     48 |   1 |   87.0 |
          Lair |    981 |    981 |      0 |    360 |    299 |   1 |  981.0 |
  Orcish Mines |   1854 |   1825 |     29 |   1052 |    176 |   2 |  927.0 |
         Sewer |    460 |    460 |      0 |     60 |    181 |   1 |  460.0 |
               +--------+--------+--------+--------+--------+-----+--------+

Top non-repeatable levels by time:
    D:10: 2739 daAuts
     D:8: 2632 daAuts
    D:11: 2331 daAuts
     D:7: 2098 daAuts
     D:9: 1948 daAuts
     D:4: 1398 daAuts
     D:3: 1258 daAuts
     D:2: 1127 daAuts
   Orc:2: 1037 daAuts
  Lair:1: 981 daAuts
     D:6: 970 daAuts
     D:5: 819 daAuts
   Orc:1: 816 daAuts
     D:1: 728 daAuts
    D:12: 463 daAuts
